 Dungeon Crawl Stone Soup version 0.15.2 (webtiles) character file.

2 glosham the Chucker (level 1, 0/19 HPs)
             Began as an Ogre Arcane Marksman on Apr 1, 2017.
             Slain by a kobold (2 damage)
             ... on Level 1 of the Dungeon.
             The game lasted 00:04:04 (135 turns).

glosham the Chucker (Ogre Arcane Marksman)           Turns: 135, Time: 00:04:04

HP   0/19        AC  3     Str 15      XL: 1   Next: 40%
MP   2/2         EV 10     Int 12      God:
Gold 0           SH  0     Dex  9      Spells:  1 memorised,  1 level left

rFire  . . .     SeeInvis .     a - +0 dagger
rCold  . . .     Clarity  .     e - +0 robe
rNeg   . . .     rCorr    .     (shield restricted)
rPois  .         rRot     .     (helmet restricted)
rElec  .         Spirit   .     (no cloak)
SustAb .         Warding  .     (gloves unavailable)
rMut   .         Stasis   .     (boots unavailable)
Gourm  .                        (no amulet)
MR     .....                    (no ring)
                                A - ring of flight

@: not resistant to hostile enchantments, very unstealthy
A: unfitting armour, tough skin 1
a: Evoke Flight


You were on level 1 of the Dungeon.
You were not hungry.

You visited 1 branch of the dungeon, and saw 1 of its levels.

Inventory:

Hand weapons
 a - a +0 dagger (weapon)
Missiles
 b - 4 large rocks
 c - 2 throwing nets
 g - 45 stones (quivered)
Armour
 e - a +0 robe (worn)
Comestibles
 f - a meat ration
 h - 2 fruits
Jewellery
 A - a ring of flight (left hand)
Books
 d - a book of Debilitation

   Spells                             Type                      Level
   *Corona                            Hexes                        1
   Slow                               Hexes                        2
   Inner Flame                        Hexes/Fire                   3
   Enslavement                        Hexes                        4
   Cause Fear                         Hexes                        4
   Leda's Liquefaction                Hexes/Earth                  4


   Skills:
 * Level 1.5 Fighting
 * Level 2.4 Throwing
 - Level 1.7 Dodging
 - Level 1.2 Spellcasting
 - Level 2.1 Hexes


You had one spell level left.
You knew the following spells:

 Your Spells              Type           Power        Failure   Level  Hunger
c - Corona                Hex            #......      14%         1    ##.....


Dungeon Overview and Level Annotations

Branches:
Dungeon (1/15)

Altars:


Innate Abilities, Weirdness & Mutations

You are too large for most types of armour.
You have tough skin (AC +1).


Message History

h - 2 fruits A kobold comes into view.
The kobold shouts!
The kobold throws a stone.
The stone hits you but does no damage.
You see here a stone.
You start resting.
The kobold hits you but does no damage.
You hit the kobold but do no damage. The kobold barely misses you.
You miss the kobold. The kobold barely misses you.
You closely miss the kobold. The kobold hits you.
You hit the kobold.
The kobold is moderately wounded.
The kobold barely misses you.
You closely miss the kobold.
The kobold is moderately wounded.
The kobold hits you but does no damage.
You barely miss the kobold.
The kobold is moderately wounded.
The kobold misses you.
You closely miss the kobold. The kobold closely misses you.
You barely miss the kobold. The kobold hits you.
You closely miss the kobold. The kobold barely misses you.
You hit the kobold.
The kobold is severely wounded.
The kobold hits you.
You closely miss the kobold.
The kobold is severely wounded.
The kobold hits you.
You closely miss the kobold.
The kobold is severely wounded.
The kobold hits you but does no damage.
You hit the kobold but do no damage.
The kobold is severely wounded.
The kobold hits you.
* * * LOW HITPOINT WARNING * * *
Throwing (i - inventory. (,) - cycle):
g - 46 stones (quivered)
Press: ? - help, Shift-Dir - straight line, f - kobold
Aim: a kobold (severely wounded)
You throw a stone. The stone closely misses the kobold.
The kobold hits you.
You die...

#....#####...# #.#
#....#...#[%.# #.#
#..###.⌠.###.# #.#
#..#.......#.# #.#
#..+.⌠.<.⌠.%.# #.######
#..#.......#.# #......#
#..###.⌠.###.# ######.#
#... #...#...# #.#
.....#####@..# #####.#####
........K.(.####..........
######.#............####
#.#######.###..# .. #.#
#..# ##. ... ...# #.
##.####.# #. #.# .# . #.#
.#


You could see a kobold.

Vanquished Creatures
  A giant cockroach (D:1)
  2 goblins (D:1)
3 creatures vanquished.

Notes
Turn   | Place    | Note
--------------------------------------------------------------
     0 | D:1      | glosham, the Ogre Arcane Marksman, began the quest for the Orb.
     0 | D:1      | Reached XP level 1. HP: 19/19 MP: 2/2
   135 | D:1      | Slain by a kobold

Action                   || total
-------------------------++-------
Melee: Unarmed           ||    29
       Dagger            ||    13
Throw: Stone             ||     7
  Use: Scroll            ||     1

Table legend:
 A = Turns spent in this place as a percentage of turns spent in the entire game.
 B = Non-inter-level travel turns spent in this place as a percentage of non-inter-level travel turns spent in the entire game.
 C = Inter-level travel turns spent in this place as a percentage of turns spent in this place.
 D = Turns resting spent in this place as a percentage of non-inter-level travel turns spent in this place.
 E = Turns spent auto-exploring this place as a percentage of non-inter-level travel turns spent in this place.
 F = Non-inter-level travel turns spent in this place divided by the number of levels of this place that you've seen.
                   A       B       C       D       E      F
               +-------+-------+-------+-------+-------+----------------------
         Total | 100.0 | 100.0 |   0.0 |   1.5 |   0.0 | 134.0
       Dungeon | 100.0 | 100.0 |   0.0 |   1.5 |   0.0 | 134.0
               +-------+-------+-------+-------+-------+----------------------

Table legend:
 A = Kills in this place as a percentage of kills in entire the game.
 B = Kills by you in this place as a percentage of kills by you in the entire game.
 C = Kills by friends in this place as a percentage of kills by friends in the entire game.
 D = Other kills in this place as a percentage of other kills in the entire game.
 E = Experience gained in this place as a percentage of experience gained in the entire game.
 F = Experience gained in this place divided by the number of levels of this place that you have seen.
                   A       B       C       D       E      F
               +-------+-------+-------+-------+-------+----------------------
         Total | 100.0 | 100.0 |  -nan |  -nan | 100.0 |   4.0
       Dungeon | 100.0 | 100.0 |  -nan |  -nan | 100.0 |   4.0
               +-------+-------+-------+-------+-------+----------------------

Vault maps used:
D:1:      dpeg_arrival_simpleton_c, roderic_aztec_sauvastika,
          hangedman_decor_riveting
